 Seeded DCSS version 0.30.1-3-gfc49f6343a (webtiles) character file.

Game seed: 1488530604685760082 (custom seed)

93 CInkIbrahim the Chopper (level 4, -1/28 HPs)
             Began as a Gargoyle Fighter on Aug 5, 2023.
             Killed by divine providence
             ... invoked by an orc priest
              (13 damage)
             ... on level 3 of the Dungeon.
             The game lasted 00:01:51 (1437 turns).

CInkIbrahim the Chopper (Gargoyle Fighter)          Turns: 1437, Time: 00:01:52

Health: -1/28      AC: 11    Str: 25    XL:     4   Next: 61%
Magic:  4/4        EV:  9    Int:  8    God:
Gold:   101        SH:  4    Dex:  9    Spells: 3/3 levels left

rFire   . . .        s - +11 broad axe "Gargoyle's Regret" {spect, Str+3}
rCold   . . .        c - +0 buckler
rNeg    + . .        b - +0 scale mail
rPois   ∞            (no helmet)
rElec   +            r - +0 cloak
rCorr   .            (no gloves)
SInv    .            (no boots)
Will    .....        (no amulet) Stlth
                     (no ring)
HPRegen 0.24/turn    (no ring)
MPRegen 0.09/turn

%: no passive effects
@: no status effects
A: sickness immunity, AC +3, negative energy resistance 1, electricity
resistance, torment resistance 1, petrification resistance
a: no special abilities


You were on level 3 of the Dungeon.
You visited 1 branch of the dungeon, and saw 3 of its levels.

You collected 101 gold pieces.

Inventory:

Hand Weapons
 a - a +0 war axe
 s - the +11 broad axe "Gargoyle's Regret" (weapon) {spect, Str+3}
   (You took it off an orc on level 3 of the Dungeon)

   Str:       It affects your strength (+3).
Armour
 b - a +0 scale mail (worn)
 c - a +0 buckler (worn)
 r - a +0 cloak (worn)
Wands
 l - a wand of flame (26)
Scrolls
 e - a scroll of teleportation {unknown}
 f - a scroll of brand weapon {unknown}
 h - a scroll of summoning {unknown}
 i - 2 scrolls of identify {unknown}
 j - 2 scrolls of fog {unknown}
 m - a scroll of enchant armour {unknown}
 n - a scroll of blinking {unknown}
 o - a scroll of fear {unknown}
 p - a scroll of amnesia {unknown}
Potions
 d - a potion of might
 g - 3 potions of attraction {unknown}
 k - 3 potions of curing {unknown}
 q - a potion of degeneration {unknown}


   Skills:
 - Level 3.2 Fighting
 + Level 4.2 Axes
 - Level 3.2 Armour
 - Level 3.2 Shields


You had 3 spell levels left.
You didn't know any spells.
Your spell library contained the following spells:

 Spells                   Type           Power      Damage    Failure   Level
 Sandblast                Erth           0%         2d4       77%         1
 Passwall                 Tmut/Erth      0%         N/A       88%         2
 Stone Arrow              Conj/Erth      0%         3d7       98%         3


Dungeon Overview and Level Annotations

Branches:
Dungeon (3/15)

Altars:
Gozag

Shops:
D:1 (


Innate Abilities, Weirdness & Mutations

You are immune to sickness and miasma.
Your stone body is resilient. (AC +3)
You are immune to poison.
You resist negative energy. (rN+)
You are resistant to electric shocks. (rElec)
You are resistant to unholy torment.
You are immune to petrification.


Message History

No target in view!
An orc comes into view. It is wielding a +0 hand axe.
The orc shouts!
The orc priest shouts!
The orc shouts!
Things that are here:
the +11 broad axe "Gargoyle's Regret" {spect, Str+3}; an orc corpse
s - the +11 broad axe "Gargoyle's Regret" {spect, Str+3} The orc priest looks encouraged for a moment.
Okay, then.
You close the door.
Okay, then.
You feel stronger.
You feel a bond with the +11 broad axe "Gargoyle's Regret" {spect, Str+3}.
s - the +11 broad axe "Gargoyle's Regret" (weapon)
{spect, Str+3} You open the door.
You slash the orc!
You kill the orc!
The orc priest begins to cast a cantrip, but forgets the words!
You closely miss the orc. The orc hits you with a +0 flail!
You hit the orc.
The orc is severely wounded.
The orc barely misses you.
You closely miss the orc.
The orc is severely wounded.
The orc hits you with a +0 flail. The orc hits you but does no damage.
You hit the orc but do no damage.
The orc is severely wounded.
The orc hits you but does no damage.
You hit the orc.
You kill the orc!
You block the orc priest's attack.
You slash the orc priest!
The orc priest is almost dead.
You block the orc priest's attack.
You closely miss the orc priest.
The orc priest is almost dead.
The orc priest mumbles some strange prayers to Beogh against you.
Beogh smites you!
The orc priest mumbles some strange prayers to Beogh against you.
Beogh smites you!
You die...

........##.......####.#.#####.
..J..##.#.........###....## #.
..o.. ..'<........'.......# #.
....^ ###.........###..<..# #.
##.......## #.#.#.###.
##.....## #......).. ##...##
#.#.#.#.### ##o## #[........#
#@# ##.#.#.#.## #.#
#......>..# ##.## ##.#.#.#.##
##...## ......... #.....# .#
#.# ##........ ##.#.#.##
....#... ##### ###


You could see an orc priest.

Vanquished Creatures
  4 adders (D:2)
  A worm (D:2)
  A dart slug (D:2)
  3 orcs (D:3)
  8 endoplasms
  2 giant cockroaches
  2 goblins (D:2)
  9 hobgoblins
  2 kobolds (D:1)
  A quokka (D:1)
  7 ball pythons
  3 bats
  3 rats
46 creatures vanquished.

Notes
Turn   | Place    | Note
-------+----------+-------------------------------------------
     0 | D:1      | CInkIbrahim the Gargoyle Fighter began the quest for the
                  | Orb.
     0 | D:1      | Reached XP level 1. HP: 14/14 MP: 1/1
    28 | D:1      | Reached skill level 2 in Axes
    96 | D:1      | Reached XP level 2. HP: 19/19 MP: 2/2
   419 | D:1      | Found Dyac's Weapon Shop.
   463 | D:1      | Reached skill level 3 in Axes
   624 | D:1      | Found a faded altar of an unknown god.
   709 | D:2      | Reached XP level 3. HP: 19/23 MP: 3/3
   813 | D:2      | Reached XP level 4. HP: 20/28 MP: 4/4
   944 | D:2      | Reached skill level 4 in Axes
  1390 | D:3      | Found an opulent altar of Gozag.
  1418 | D:3      | Identified the +11 broad axe "Gargoyle's Regret" {spect,
                  | Str+3}
  1437 | D:3      | Killed from afar by an orc priest

Illustrated notes

Levels and vault maps discovered:
D:1:      nzn_arrival_settlement, layout_loops_ring, serial_shops, shop,
          hellmonk_ecumenical_altar_arch_garden, minmay_tetromino_t4
D:2:      layout_basic
D:3:      layout_loops_corners, old_standard_altar, jmf_multi_god_temple2,
          st_stairs_9

Skill      XL: |  1  2  3  4 |
---------------+-------------+-----
Axes           | 2 3 4 |  4.2
Fighting       | |  3.2
Armour         | |  3.2
Shields        | |  3.2

Action                     |  1- 3 |  4- 6 || total
---------------------------+-------+-------++-------
  Melee: War axe           |    71 |    34 ||   105
         Broad axe         |       |     8 ||     8
 Armour: Scale mail        |    54 |    24 ||    78
  Dodge: Dodged            |    36 |    17 ||    53
  Block: Buckler           |    17 |     7 ||    24
